 Dungeon Sprint DCSS version 0.27-a0-1423-ge5d6b6ab6a (webtiles) character file.

Game seed: 2265179641915260317

1044 Conn the Fighter (level 8, -4/52 HPs)
             Began as a Gargoyle Fighter on July 2, 2021.
             Was an Initiate of Trog.
             Slain by a polar bear (10 damage)
             ... in the Dungeon (Sprint II: "The Violet Keep of Menkaure").
             The game lasted 00:09:05 (600 turns).

Conn the Fighter (Gargoyle Fighter)                  Turns: 600, Time: 00:09:07

Health: -4/52      AC: 28    Str: 27    XL:     8   Next: 25%
Magic:  7/7        EV:  4    Int:  9    God:    Trog [......]
Gold:   0          SH: 11    Dex:  5    Spells: 7/7 levels left

rFire    . . .     SeeInvis .   a - +0 flail
rCold    + . .     Faith    .   c - +0 kite shield
rNeg     + . .     Spirit   .   d - +10 crystal plate armour "Byuzikh" {Will++ Str+5}
rPois    ∞         Reflect  .   (no helmet)
rElec    +         Harm     .   (no cloak)
rCorr    .         Rampage  .   (no gloves)
Will     ++...     Rnd*Rage +   (no boots) Stlth ..........NoTele +
                                (no amulet)
HPRegen  0.00/turn              (no ring)
MPRegen  0.10/turn              (no ring)

@: mighty, unable to read, very slightly contaminated, invisible (expiring)
A: sickness immunity, AC +5, negative energy resistance 1, electricity
resistance, torment resistance 1, petrification resistance, berserk 1, clumsy 2,
cold resistance 1, deformed body, frail 1, low mp 1, inhibited regeneration,
inability to read while threatened
a: Renounce Religion


You were in the Dungeon.
You worshipped Trog.
Trog was noncommittal.
You visited 1 branch You collected 741 gold pieces.
You spent 741 gold pieces at shops.

Inventory:

Hand Weapons
 a - a +0 flail (weapon)
Armour
 b - a +0 scale mail
 c - a +0 kite shield (worn)
 d - the +10 crystal plate armour "Byuzikh" (worn) {Will++ Str+5}
   (You acquired it in the Dungeon)

   Str:       It affects your strength (+5).
   Will:      It greatly increases your willpower.
Potions
 h - 2 potions of magic


   Skills:
 + Level 10.3 Fighting
 + Level 9.7 Maces & Flails
 + Level 9.9 Armour
 + Level 1.3 Dodging
 + Level 0.4 Stealth
 + Level 9.5 Shields


You had 7 spell levels left.
You didn't know any spells.
Your spell library was empty.

Dungeon Overview and Level Annotations

Branches:
Dungeon (1/1)

Altars:
Cheibriados
Dithmenos
Elyvilon
Fedhas
Gozag
Hepliaklqana
Kikubaaqudgha
Makhleb
Nemelex Xobeh
Okawaru
Qazlal
Ru
Sif Muna
Trog
Uskayaw
Vehumet
Wu Jian
Xom
Yredelemnul
Zin
The Shining One
Beogh
Jiyva
Lugonu

Shops:
D :=!:?:[=([?([*!

Annotations:
D exclusion: oklob plant


Innate Abilities, Weirdness & Mutations

You are immune to sickness and miasma.
Your stone body is resilient. (AC +5)
You are immune to poison.
You resist negative energy. (rN+)
You are resistant to electric shocks. (rElec)
You are resistant to unholy torment.
You are immune to petrification.
You tend to lose your temper in combat.
You are very clumsy. (Dex -4)
Your flesh is cold resistant. (rC+)
Armour fits poorly on your strangely shaped body.
You are frail. (-10% HP)
Your magical capacity is low. (-10% MP)
You do not regenerate when monsters are visible.
You sometimes lose the ability to read scrolls when taking damage.


Message History

You block the polar bear's attack. The polar bear claws you.
* * * LOW HITPOINT WARNING * * *
There is an entrance to Duech's Weapon Boutique here.
You hit the polar bear.
The polar bear is heavily wounded.
You block the polar bear's attack. The polar bear barely misses you.
The polar bear claws you but does no damage.
The hornet stings you but does no damage.
Found 11 bolts and a book of Dangerous Friends.
Your crystal plate armour "Byuzikh" prevents you from hitting the hornet.
You can read scrolls again.
The hornet stings you but does no damage.
The yaktaur shoots a bolt.
The bolt hits you.
You feel threatened and lose the ability to read scrolls!
* * * LOW HITPOINT WARNING * * *
The hornet stings you but does no damage.
The yaktaur shoots a bolt.
The bolt completely misses you.
The yaktaur shoots a bolt.
The bolt hits the polar bear!!
Found 81 gold pieces.
Okay, then.
The hornet stings you but does no damage.
Your crystal plate armour "Byuzikh" prevents you from hitting the hornet.
You hit the hornet.
The hornet is lightly wounded.
You flicker for a moment.
You can read scrolls again.
The hornet barely misses you. The polar bear bites you.
You feel threatened and lose the ability to read scrolls!
* * * LOW HITPOINT WARNING * * *
You block the polar bear's attack. x3
The polar bear claws you but does no damage. x2
The hornet barely misses you.
You bludgeon the hornet!!
The hornet is severely wounded.
You can read scrolls again.
The yaktaur shoots a bolt.
The bolt completely misses the polar bear.
The bolt barely misses you. The polar bear bites you!
You feel threatened and lose the ability to read scrolls!
You die...

###########≈≈≈.....
##....∩.∩.#≈≈≈≈.##'
##...∩.∩..#≈≈≈≈##c.
##..∩.∩...#≈≈≈≈#hy#
##.⌠......#≈≈####.#
##..∩.∩...#≈##.###†
##.y.∩.∩..#≈#...##h
##h.h.∩c∩.'≈'##.'h<
##@h...∩.∩#≈#...##.
#▓▓▓▓▓▓▓###≈##.###+
##Z{{######≈≈### B#
#Z.$#s. ##≈≈≈#..
#∩P[+s$#+ #†#≈##.
#:.!#:##§ #.#≈≈##+
#$$.###§§ ####≈≈≈≈
##+###§§§ #+++# ;;;


You could see an oklob plant (unaware), 3 polar bears, a yaktaur, a spectral
ball python, a spectral quokka, a hornet and 2 redbacks.

Vanquished Creatures
  4 neqoxecs (D)
  Menkaure (D)
  4 necrophages (D)
  A scorpion (D)
  3 worms (D)
13 creatures vanquished.

Vanquished Creatures (others)
  A water moccasin (D)
1 creature vanquished.

Grand Total: 14 creatures vanquished

Notes
Turn   | Place    | Note
-------+----------+-------------------------------------------
     0 | D        | Conn the Gargoyle Fighter began the quest for the Orb.
     0 | D        | Reached XP level 1. HP: 14/14 MP: 1/1
     1 | D        | Noticed a boulder beetle
     1 | D        | Noticed a boulder beetle
     4 | D        | Noticed a necrophage
     4 | D        | Noticed a necrophage
     4 | D        | Noticed a necrophage
     4 | D        | Noticed a necrophage
    10 | D        | Killed a water moccasin
    11 | D        | Killed a necrophage
    12 | D        | Reached skill level 5 in Fighting
    12 | D        | Reached skill level 5 in Armour
    12 | D        | Reached skill level 5 in Shields
    12 | D        | Reached XP level 2. HP: 22/22 MP: 2/2
    12 | D        | Reached XP level 3. HP: 27/27 MP: 3/3
    12 | D        | Reached XP level 4. HP: 32/32 MP: 4/4
    15 | D        | Killed a necrophage
    16 | D        | Reached skill level 7 in Fighting
    16 | D        | Reached XP level 5. HP: 38/38 MP: 5/5
    24 | D        | Killed a necrophage
    25 | D        | Reached skill level 5 in Maces & Flails
    25 | D        | Reached XP level 6. HP: 43/44 MP: 6/6
    33 | D        | Killed a necrophage
    34 | D        | Reached skill level 8 in Fighting
    40 | D        | Found Ufoqap's Distillery.
    41 | D        | Found Duech's Weapon Boutique.
    41 | D        | Found Zila's Magic Scroll Shop.
    41 | D        | Found Miybanit's Magic Scroll Boutique.
    41 | D        | Found Goest's Jewellery Boutique.
    41 | D        | Found Ycuqobbagh's Armour Shop.
    41 | D        | Found Wuesky's Antique Armour Shop.
    41 | D        | Found Qumas's Book Boutique.
    41 | D        | Found Epoecuf's Antique Armour Shop.
    41 | D        | Found Jooleniy's Book Boutique.
    49 | D        | Noticed a neqoxec
    49 | D        | Noticed a neqoxec
    49 | D        | Noticed a neqoxec
    49 | D        | Noticed a neqoxec
    51 | D        | Gained mutation: Your flesh is cold resistant. (rC+) [a
                  | neqoxec]
    58 | D        | Killed a neqoxec
    59 | D        | Reached skill level 9 in Fighting
    59 | D        | Reached XP level 7. HP: 44/51 MP: 7/7
    65 | D        | Gained mutation: You are frail. (-10% HP) [a neqoxec]
    67 | D        | Gained mutation: You do not regenerate when monsters are
                  | visible. [a neqoxec]
    68 | D        | Gained mutation: You are clumsy. (Dex -2) [a neqoxec]
    69 | D        | Gained mutation: You are very clumsy. (Dex -4) [a neqoxec]
    73 | D        | Gained mutation: You tend to lose your temper in combat. [a
                  | neqoxec]
    74 | D        | Killed a neqoxec
    80 | D        | Gained mutation: Your body sometimes deteriorates upon
                  | taking damage. [a neqoxec]
    81 | D        | Gained mutation: You sometimes lose the ability to read
                  | scrolls when taking damage. [a neqoxec]
    91 | D        | Gained mutation: Armour fits poorly on your strangely
                  | shaped body. [a neqoxec]
    94 | D        | Lost mutation: Your body sometimes deteriorates upon taking
                  | damage. [a neqoxec]
    98 | D        | Gained mutation: Your magical capacity is low. (-10% MP) [a
                  | neqoxec]
   108 | D        | Killed a neqoxec
   116 | D        | Killed a neqoxec
   117 | D        | Reached skill level 10 in Fighting
   117 | D        | Reached XP level 8. HP: 12/51 MP: 7/7
   138 | D        | Found Afutza's Distillery.
   138 | D        | Found Osaicebe's Jewellery Boutique.
   139 | D        | Found Uceocka's General Store.
   139 | D        | Found Keker's Antique Weapon Shop.
   140 | D        | Noticed Menkaure
   140 | D        | Noticed an oklob plant
   141 | D        | Found Nuetikec's Book Shoppe.
   158 | D        | Killed Menkaure
   159 | D        | Reached skill level 1 in Dodging
   473 | D        | Noticed a flying skull
   473 | D        | Noticed a flying skull
   473 | D        | Noticed a flying skull
   473 | D        | Noticed a flying skull
   473 | D        | Noticed a flying skull
   473 | D        | Noticed a flying skull
   473 | D        | Noticed a flying skull
   474 | D        | Noticed a flying skull
   474 | D        | Noticed a flying skull
   474 | D        | Noticed a flying skull
   474 | D        | Noticed a flying skull
   475 | D        | Noticed a flying skull
   487 | D        | Bought a scroll of acquirement for 520 gold pieces
   487 | D        | Acquired the +10 crystal plate armour "Byuzikh" {Will++
                  | Str+5}
   528 | D        | Found a hazy altar of Hepliaklqana.
   528 | D        | Found a snail-covered altar of Cheibriados.
   529 | D        | Found a stormy altar of Qazlal.
   529 | D        | Found a viscous altar of Jiyva.
   529 | D        | Found a shadowy altar of Dithmenos.
   530 | D        | Found a sacrificial altar of Ru.
   530 | D        | Found an ancient bone altar of Kikubaaqudgha.
   530 | D        | Found a white marble altar of Elyvilon.
   531 | D        | Found an ornate altar of the Wu Jian Council.
   531 | D        | Found a shimmering blue altar of Sif Muna.
   531 | D        | Found a corrupted altar of Lugonu.
   531 | D        | Found a blossoming altar of Fedhas.
   532 | D        | Found a shimmering altar of Xom.
   532 | D        | Found a bloodstained altar of Trog.
   532 | D        | Found a burning altar of Makhleb.
   533 | D        | Found a glowing golden altar of the Shining One.
   533 | D        | Found a basalt altar of Yredelemnul.
   533 | D        | Found a hide-covered altar of Uskayaw.
   535 | D        | Found a glowing silver altar of Zin.
   535 | D        | Found a radiant altar of Vehumet.
   535 | D        | Found a sparkling altar of Nemelex Xobeh.
   535 | D        | Noticed a hornet
   535 | D        | Noticed a polar bear
   535 | D        | Noticed a polar bear
   536 | D        | Found an opulent altar of Gozag.
   536 | D        | Found an iron altar of Okawaru.
   536 | D        | Noticed a yaktaur
   541 | D        | Became a worshipper of Trog the Wrathful
   548 | D        | Noticed a polar bear
   575 | D        | HP: 2/52 [polar bear (11)]
   586 | D        | Bought a potion of invisibility for 104 gold pieces
   586 | D        | Bought a potion of heal wounds for 65 gold pieces
   586 | D        | Bought a potion of might for 52 gold pieces
   593 | D        | Noticed a redback
   597 | D        | Noticed a redback
   600 | D        | Slain by a polar bear

Illustrated notes

Levels and vault maps discovered:
D:        the_violet_keep_of_menkaure [sprint2_stairs_cluster_1,
          sprint2_shoproom, sprint2_temple, sprint2_basic_supplies,
          sprint2_obstacle_7, sprint2_obstacle_3, sprint2_obstacle_1,
          sprint2_obstacle_4, sprint2_obstacle_5, sprint2_timed_cluster_1,
          sprint2_smallroom_cluster_1, sprint2_smallroom_final_cluster_1,
          sprint2_transparent_cluster_1, sprint2_second_timed_cluster_1,
          sprint2_sniper_area_1, sprint2_heavy_combat_area_1,
          sprint2_mutation_trap_area_1, sprint2_forest_area_1,
          sprint2_light_combat_area_1, sprint2_behind_water_1,
          sprint2_near_end_vault_1]

Skill      XL: |  1  2  3  4  5  6  7  8 |
---------------+-------------------------+-----
Fighting       | 5 7 9 10 | 10.3
Maces & Flails | 3 4 5 7 9 |  9.7
Armour         | 5 7 8 9 |  9.9
Shields        | 5 6 7 8 9 |  9.5
Dodging        | 1 |  1.3
Stealth        | |  0.4

Action                   |  1- 3 |  4- 6 |  7- 9 || total
-------------------------+-------+-------+-------++-------
Melee: Flail             |     6 |    31 |    90 ||   127
  Use: Potion            |     1 |       |     7 ||     8
       Scroll            |       |       |     2 ||     2
Armor: Scale mail        |     2 |    10 |    10 ||    22
       Crystal plate arm |       |       |    44 ||    44
Dodge: Dodged            |     1 |    13 |    22 ||    36
Block: Kite shield       |     2 |    11 |    32 ||    45

Table legend: (Time is in decaauts)
 A = Elapsed time spent in this place.
 B = Non-inter-level travel time spent in this place.
 C = Inter-level travel time spent in this place.
 D = Time resting spent in this place.
 E = Time spent auto-exploring this place.
 F = Levels seen in this place.
 G = Mean time per level.
                   A        B        C        D        E       F      G
               +--------+--------+--------+--------+--------+-----+--------+
         Total |    625 |    625 |      0 |    253 |      0 |   1 |  625.0 |
       Dungeon |    625 |    625 |      0 |    253 |      0 |   1 |  625.0 |
               +--------+--------+--------+--------+--------+-----+--------+

Top non-repeatable levels by time:
       D: 625 daAuts
